 Dungeon Crawl Stone Soup version 0.19.0 (webtiles) character file.

8855 TheGoonsmith the Cleaver (level 11, -7/91 (92) HPs)
             Began as a Formicid Fighter on Nov 15, 2016.
             Was a High Priest of Okawaru.
             Mangled by a white ugly thing (30 damage)
             ... in an ice cave.
             The game lasted 00:15:58 (12726 turns).

TheGoonsmith the Cleaver (Formicid Fighter)        Turns: 12726, Time: 00:15:58

HP:   -7/91 (92)    AC: 18    Str: 24    XL:     11   Next: 63%
MP:   9/11          EV: 10    Int:  8    God:    Okawaru [*****.]
Gold: 148           SH: 13    Dex: 10    Spells: 0 memorised, 10 levels left

rFire  . . .     SeeInvis +     a - +1 war axe
rCold  . . .     Gourm    .     t - +0 plate armour
rNeg   . . .     Faith    .     c - +0 shield
rPois  +         Spirit   .     (helmet unavailable)
rElec  .         Reflect  .     I - +0 cloak
rCorr  .         Harm     .     x - +0 pair of gloves
MR     +....                    (no boots)
Stlth  ..........               (no amulet)
                                Q - +1 ring of protection
                                l - ring of poison resistance

@: heroism
A: permanent stasis, dig shafts and tunnels, four strong arms, antennae 3
a: Dig, Shaft Self, Heroism, Finesse, Renounce Religion


You were in an ice cave.
You worshipped Okawaru.
Okawaru was extremely pleased with you.
You were hungry.

You visited 1 branch of the dungeon, and saw 11 of its levels.
You also visited: Ice Cave.

You collected 512 gold pieces.
You spent 364 gold pieces at shops.

Inventory:

Hand Weapons
 a - a +1 war axe (weapon)
Missiles
 E - 13 javelins (quivered)
 G - 2 throwing nets
 M - 4 poisoned javelins
Armour
 b - a +0 scale mail
 c - a +0 shield (worn)
 t - a +0 plate armour (worn)
 x - a +0 pair of gloves (worn)
 I - a +0 cloak (worn)
 J - the +4 scale mail of Action {rC+++ Str-5 Int-3 SInv}
   (You bought it in a shop on level 8 of the Dungeon)

   It affects your strength (-5).
   It affects your intelligence (-3).
   It renders you almost immune to cold.
   It lets you see invisible.
Jewellery
 l - a ring of poison resistance (left hand)
 w - an uncursed ring of fire
 Q - a +1 ring of protection (right hand)
Wands
 y - a wand of flame (34/48)
 R - a wand of paralysis (12/24)
Scrolls
 d - 2 scrolls of amnesia
 n - a scroll of remove curse
 p - a scroll of silence {unknown}
 v - a scroll of recharging
 D - 2 scrolls of enchant weapon
 F - 3 scrolls of identify
 H - a scroll of holy word {unknown}
 N - a scroll of blinking {unknown}
 P - a scroll of immolation {unknown}
 S - a scroll of fog
Potions
 e - 2 potions of berserk rage {unknown}
 g - 7 potions of heal wounds
 h - 2 potions of degeneration {unknown}
 i - 2 potions of cancellation {unknown}
 k - 4 potions of flight
 o - a potion of curing {unknown}
 q - 5 potions of lignification {unknown}
 r - 2 potions of cure mutation {unknown}
 u - 3 potions of brilliance
 z - a potion of agility {unknown}
 B - a potion of magic {unknown}
 K - a potion of might
 O - 2 potions of haste {unknown}
Books
 A - the Collected Works on Virous Beguiling
   (You found it on level 9 of the Dungeon)

   Spells                             Type                      Level
   a - Sting                          Conjuration/Poison           1
   b - Gell's Gravitas                Hexes/Translocation          3
   c - Yara's Violent Unravelling     Hexes/Transmutation          5
   d - Summon Mana Viper              Hexes/Summoning              5
   e - Darkness                       Hexes                        6
 L - a book of Maledictions

   Spells                             Type                      Level
   a - Corona                         Hexes                        1
   b - Ensorcelled Hibernation        Hexes/Ice                    2
   c - Confuse                        Hexes                        3
   d - Tukima's Dance                 Hexes                        3
   e - Dazzling Spray                 Conjuration/Hexes            3
Comestibles
 f - 4 bread rations
 j - 4 slices of pizza
 m - 3 fruits
 s - 2 royal jellies
 C - 3 meat rations
 T - a beef jerky


   Skills:
 + Level 10.5(15.5) Fighting
 + Level 12.0(17.0) Axes
 - Level 5.5(10.5) Armour
 - Level 2.9(7.9) Dodging
 - Level 9.0(14.0) Shields


You had 10 spell levels left.
You didn't know any spells.

Dungeon Overview and Level Annotations

Branches:
Dungeon (11/15)            Temple (0/1) D:7            Lair (0/6) D:10
    Orc (0/2) D:10

Altars:
Ashenzari
Dithmenos
Elyvilon
Kikubaaqudgha
Okawaru
Ru
Uskayaw
Xom
Yredelemnul
The Shining One

Shops:
D:8 [

Annotations:
IceCv exclusion: 2 ice statues


Innate Abilities, Weirdness & Mutations

You are under a permanent stasis effect.
You can dig through walls and to a lower floor.
Your four strong arms can wield two-handed weapons with a shield.
You have a pair of large antennae on your head. (SInv)


Message History

You closely miss the white ugly thing.
The white ugly thing is moderately wounded.
You closely miss the white ugly thing.
The white ugly thing is moderately wounded.
The white ugly thing barely misses you.
You slice the white ugly thing!!
The white ugly thing is severely wounded.
The white ugly thing trunk-slaps you but does no damage.
You slice the white ugly thing!!
The white ugly thing is almost dead.
You barely miss the white ugly thing.
The white ugly thing is almost dead.
The white ugly thing trunk-slaps you. The white ugly thing freezes you!!
* * * LOW HITPOINT WARNING * * *
You hit the white ugly thing.
The white ugly thing is almost dead.
The white ugly thing trunk-slaps you.
* * * LOW HITPOINT WARNING * * *
The white ugly thing freezes you!!
You die...

####### #############
#.....## ##.....#8Y...##
#......###......#......#
#.......#.......#.......
#.......#......@#.......
#.∩..∩..........uY......
#.......#.......#.......
#.......#.......#.......
#......###.....$#......#
#.....## ##..?)$#8....##
####### #############


You could see a white ugly thing and an ice beast.

Vanquished Creatures
  A deep elf mage (D:10)
  An elephant (D:10)
  A centaur zombie (D:10)
  The ghost of TheGoonsmith the Shield-Bearer, a novice FoFi of Okawaru (D:4)
  A troll (D:6)
  A hippogriff (D:6)
  4 yaks (D:10)
  A steam dragon (D:10)
  A hungry ghost (D:9)
  A human (D:10)
  4 wargs (D:10)
  A soldier ant (D:10)
  Duvessa (D:5)
  An orc warrior (D:5)
  8 ice beasts
  A phantom (D:4)
  2 sky beasts (D:8)
  An eye of draining (D:10)
  A necrophage (D:10)
  4 ogres
  6 centaurs
  2 crocodiles (D:10)
  3 bullfrogs
  A gnoll sergeant (D:8)
  Dowan (D:5)
  8 scorpions
  3 killer bees (D:6)
  3 wights (D:9)
  A vampire bat (D:4)
  5 howler monkeys (D:7)
  A bullfrog zombie (D:5)
  5 crimson imps
  2 quasits
  2 hounds
  6 jellies
  2 bullfrog skeletons
  2 gnoll shamans
  6 orc priests
  5 orc wizards
  A hell rat (D:6)
  6 iguanas
  9 worker ants
  A hound zombie (D:6)
  A hound skeleton (D:10)
  2 worker ant zombies
  Robin (D:3)
  18 gnolls
  9 adders
  8 river rats (D:6)
  12 white imps (D:11)
  3 oozes
  An adder zombie (D:5)
  An adder skeleton (D:10)
  5 worms
  A dart slug (D:4)
  7 leopard geckos
  24 orcs
  A ball python (D:1)
  6 bat zombies (D:4)
  5 giant cockroaches
  11 hobgoblins
  9 jackals
  8 kobolds
  6 quokkas
  5 bats
  4 frilled lizards
  16 goblins
  2 leopard gecko skeletons
  25 rats
309 creatures vanquished.

Vanquished Creatures (others)
  A jelly (D:10)
  An iguana (D:10)
  A kobold (D:10)
  A fungus (D:10)
4 creatures vanquished.

Grand Total: 313 creatures vanquished

Notes
Turn   | Place    | Note
-------+----------+-------------------------------------------
     0 | D:1      | TheGoonsmith the Formicid Fighter began the quest for the Orb.
     0 | D:1      | Reached XP level 1. HP: 18/18 MP: 1/1
   344 | D:1      | Reached XP level 2. HP: 24/24 MP: 2/2
   413 | D:1      | Found a shattered altar of Ashenzari.
   632 | D:1      | Reached XP level 3. HP: 29/29 MP: 3/3
   639 | D:1      | Reached skill level 3 in Axes
  1479 | D:2      | Found a shadowy altar of Dithmenos.
  1574 | D:2      | Found a glowing golden altar of the Shining One.
  1630 | D:2      | Found a sacrificial altar of Ru.
  1750 | D:2      | Found an iron altar of Okawaru.
  1750 | D:2      | Found a shimmering altar of Xom.
  2083 | D:2      | Became a worshipper of Warmaster Okawaru
  2248 | D:3      | Reached XP level 4. HP: 34/35 MP: 4/4
  2279 | D:3      | Found a hide-covered altar of Uskayaw.
  2298 | D:3      | Noticed Robin
  2617 | D:3      | Killed Robin
  2778 | D:3      | Reached skill level 4 in Axes
  2778 | D:3      | Reached XP level 5. HP: 41/41 MP: 5/5
  2880 | D:3      | Reached skill level 5 in Shields
  3500 | D:4      | Noticed a phantom
  3507 | D:4      | Noticed an ogre
  3519 | D:4      | Reached XP level 6. HP: 29/47 MP: 6/6
  3544 | D:3      | Reached skill level 5 in Axes
  3737 | D:4      | Reached * piety under Okawaru
  3783 | D:4      | Killed an ogre
  3790 | D:4      | Killed a phantom
  3790 | D:4      | Reached skill level 6 in Axes
  3790 | D:4      | Reached XP level 7. HP: 18/52 MP: 5/7
  4088 | D:4      | Found an ancient bone altar of Kikubaaqudgha.
  4277 | D:4      | Noticed TheGoonsmith's ghost (novice FoFi)
  4371 | D:4      | Killed TheGoonsmith's ghost
  4371 | D:4      | Reached skill level 7 in Axes
  4371 | D:4      | Reached XP level 8. HP: 22/58 MP: 8/8
  4854 | D:5      | Entered Level 5 of the Dungeon
  4928 | D:5      | Reached ** piety under Okawaru
  4940 | D:5      | Reached skill level 8 in Axes
  5227 | D:5      | Noticed Dowan
  5228 | D:5      | Noticed Duvessa
  5235 | D:5      | Killed Dowan
  5238 | D:5      | Killed Duvessa
  5748 | D:5      | Reached XP level 9. HP: 63/64 MP: 9/9
  5759 | D:5      | Reached skill level 9 in Axes
  6027 | D:6      | Noticed a troll
  6043 | D:6      | Killed a troll
  6230 | D:6      | Found Ophaomp's Weapon Shop.
  6372 | D:6      | Reached *** piety under Okawaru
  6454 | D:6      | Reached skill level 10 in Axes
  7557 | D:7      | Noticed a hippogriff
  7573 | D:6      | Killed a hippogriff
  7585 | D:6      | Reached skill level 11 in Axes
  7758 | D:7      | Reached XP level 10. HP: 70/70 MP: 10/10
  7880 | D:7      | Found a staircase to the Ecumenical Temple.
  8102 | D:7      | Reached **** piety under Okawaru
  8106 | D:7      | Reached skill level 5 in Fighting
  9111 | D:8      | Reached skill level 5 in Armour
  9431 | D:8      | Found a white marble altar of Elyvilon.
  9452 | D:8      | Found Hoinurant's Antique Armour Emporium.
  9459 | D:8      | Bought a cloak for 121 gold pieces
  9459 | D:8      | Bought a smelly scale mail for 243 gold pieces
  9469 | D:8      | Identified the +4 scale mail of Action {rC+++ Str-5 Int-3 SInv} (You bought it in a shop on level 8 of the Dungeon)
 10209 | D:9      | Reached skill level 1 in Dodging
 10640 | D:9      | Identified the Collected Works on Virous Beguiling
 10698 | D:9      | Received a gift from Okawaru
 11162 | D:10     | Entered Level 10 of the Dungeon
 11296 | D:10     | Found a staircase to the Orcish Mines.
 11314 | D:10     | Reached XP level 11. HP: 23/87 MP: 11/11
 11662 | D:10     | Found a basalt altar of Yredelemnul.
 11687 | D:10     | Noticed an elephant
 11689 | D:10     | Found a staircase to the Lair.
 11700 | D:10     | Killed an elephant
 11700 | D:10     | Reached ***** piety under Okawaru
 11782 | D:10     | Noticed a deep elf mage
 11791 | D:10     | Killed a deep elf mage
 11791 | D:10     | Reached skill level 10 in Fighting
 12465 | D:11     | Found a frozen archway.
 12619 | IceCv    | Entered an ice cave
 12652 | IceCv    | Reached skill level 12 in Axes
 12712 | IceCv    | Noticed a white ugly thing
 12726 | IceCv    | Mangled by a white ugly thing

Skill      XL: |  1  2  3  4  5  6  7  8  9 10 11 |
---------------+----------------------------------+-----
Shields        | 4 5 6 7 9 |  9.0
Axes           | 3 4 6 7 8 11 12 | 12.0
Fighting       | 8 10 | 10.5
Armour         | 5 |  5.5
Dodging        | 2 |  2.9

Action                   |  1- 3 |  4- 6 |  7- 9 | 10-12 || total
-------------------------+-------+-------+-------+-------++-------
Melee: War axe           |   116 |   160 |   346 |   478 ||  1100
Invok: Heroism           |       |     1 |     1 |     3 ||     5
  Use: Scroll            |     6 |     2 |     1 |     1 ||    10
       Potion            |       |       |     1 |       ||     1
  Eat: Chunk             |     3 |     6 |    14 |    18 ||    41
       Beef jerky        |       |       |       |     1 ||     1
Armor: Scale mail        |    41 |    14 |       |       ||    55
       Plate armour      |       |    82 |   180 |   241 ||   503
Dodge: Dodged            |    43 |    39 |    83 |   123 ||   288
Block: Shield            |    72 |   101 |   217 |   307 ||   697
